 Dungeon Crawl Stone Soup version 0.17-a0-1718-g72dbe4d (webtiles) character file.

182 Faceless the Digger (level 5, -2/31 HPs)
             Began as a Gargoyle Earth Elementalist on Aug 25, 2015.
             Slain by an ogre
             ... wielding a +0 giant spiked club
              (17 damage)
             ... on level 5 of the Dungeon.
             The game lasted 00:08:58 (2591 turns).

Faceless the Digger (Gargoyle Earth Elementalist)   Turns: 2591, Time: 00:08:58

Health: -2/31      AC: 12    Str: 11    XL:     5   Next: 61%
Magic:  9/9        EV:  8    Int: 17    God:
Gold:   89         SH:  5    Dex: 10    Spells: 2 memorised, 3 levels left

rFire  . . .     SeeInvis .     j - +0 morningstar
rCold  . . .     Clarity  .     u - +2 scale mail {rN+}
rNeg   + + .     SustAt   .     t - +2 buckler
rPois  ∞         Gourm    .     (no helmet)
rElec  +         Spirit   .     (no cloak)
rCorr  .         Warding  .     (no gloves)
rMut   .         Stasis   .     (no boots)
MR     +....                    (no amulet)
Stlth  ..........               (no ring)
                                o - ring of protection from magic

@: somewhat resistant to hostile enchantments, extremely unstealthy
A: negative energy resistance 1, electricity resistance, unbreathing,
petrification resistance, rot immunity, AC +4
a: no special abilities


You were on level 5 of the Dungeon.
You were not hungry.

You visited 1 branch of the dungeon, and saw 5 of its levels.

You collected 89 gold pieces.

Inventory:

Hand weapons
 j - a +0 morningstar (weapon)
Missiles
 a - 119 stones (quivered)
Armour
 t - a +2 buckler (worn)
 u - a +2 scale mail of positive energy (worn)
Jewellery
 o - a ring of protection from magic (left hand)
Scrolls
 i - 2 scrolls of teleportation
Potions
 e - a potion of curing
 f - a potion of cure mutation
Books
 c - a book of Geomancy

   Spells                             Type                      Level
   a - Sandblast                      Earth                        1
   b - Stoneskin                      Transmutation/Earth          2
   c - Passwall                       Transmutation/Earth          3
   d - Stone Arrow                    Conjuration/Earth            3
   e - Petrify                        Transmutation/Earth          4
   f - Lee's Rapid Deconstruction     Earth                        5
Comestibles
 r - 2 bread rations


   Skills:
 + Level 2.5 Fighting
 + Level 2.5 Armour
 - Level 1.5 Dodging
 - Level 2.1 Stealth
 + Level 1.4 Shields
 + Level 2.8 Spellcasting
 - Level 0.7 Transmutations
 + Level 4.6 Earth Magic


You had 3 spell levels left.
You knew the following spells:

 Your Spells              Type           Power        Failure   Level  Hunger
a - Stoneskin             Trmt/Erth      ##......     80%         2    ##.....
b - Petrify               Trmt/Erth      ##......     100%        4    #####..


Dungeon Overview and Level Annotations

Branches:
Dungeon (5/15)
 Temple: D:4-7

Altars:
Ashenzari
Fedhas
Vehumet


Innate Abilities, Weirdness & Mutations

You are resistant to torment.
Your stone body is resilient (AC +4).
You are immune to poison.
You resist negative energy.
You are resistant to electric shocks.
You can survive without breathing.
You are immune to petrification.
You are immune to rotting.


Message History

The orc hits you but does no damage. x4
You hit the orc but do no damage. The orc hits you but does no damage.
The iguana bites you. The orc hits you but does no damage.
You block the orc's attack. The orc hits you but does no damage.
You closely miss the orc.
The iguana bites you but does no damage.
The orc hits you but does no damage. You block the orc's attack.
The orc hits you but does no damage.
The iguana bites you but does no damage.
The orc closely misses you. The orc hits you but does no damage.
You sock the orc!
You kill the orc!
The orc barely misses you. The iguana bites you.
The orc hits you but does no damage. You block the orc's attack.
You barely miss the orc. The iguana bites you! The ogre closely misses you.
The orc hits you but does no damage. You block the orc's attack.
The iguana closely misses you. The orc misses you.
The ogre hits you with a giant spiked club!
Ouch! That really hurt!
You die...

###########
#.....o.@.#
#.....lOo$#
#....)†...#
#.........#
#.........#
#.........#
...........#
#..........#
##..........


You could see an ogre, an iguana and 2 orcs.

Vanquished Creatures
  A scorpion (D:4)
  2 worker ants (D:4)
  2 adders (D:2)
  An ooze (D:4)
  2 adder skeletons (D:4)
  2 worms (D:2)
  8 orcs
  3 giant cockroaches
  3 goblins
  4 hobgoblins
  7 bats
  3 giant newts
  4 kobolds
  3 rats
45 creatures vanquished.

Notes
Turn   | Place    | Note
--------------------------------------------------------------
     0 | D:1      | Faceless the Gargoyle Earth Elementalist began the quest for the Orb.
     0 | D:1      | Reached XP level 1. HP: 10/10 MP: 3/3
   188 | D:1      | Reached skill level 1 in Armour
   465 | D:1      | Reached XP level 2. HP: 16/16 MP: 5/5
   486 | D:2      | Found a radiant altar of Vehumet.
   639 | D:2      | Reached skill level 1 in Fighting
   919 | D:2      | Found a shattered altar of Ashenzari.
   929 | D:2      | Reached XP level 3. HP: 8/20 MP: 3/6
  1152 | D:2      | Reached skill level 4 in Earth Magic
  1428 | D:2      | Found a blossoming altar of Fedhas.
  1825 | D:3      | Reached XP level 4. HP: 26/26 MP: 7/7
  2013 | D:4      | Gained mutation: You occasionally shout uncontrollably at your foes. [potion of mutation]
  2013 | D:4      | Gained mutation: You are weak. (Str -2) [potion of mutation]
  2013 | D:4      | Gained mutation: You have a pair of small horns on your head. [potion of mutation]
  2014 | D:4      | Lost mutation: You are weak. (Str -2) [potion of cure mutation]
  2014 | D:4      | Lost mutation: You have a pair of small horns on your head. [potion of cure mutation]
  2014 | D:4      | Lost mutation: You occasionally shout uncontrollably at your foes. [potion of cure mutation]
  2023 | D:4      | Learned a level 2 spell: Stoneskin
  2028 | D:4      | Learned a level 4 spell: Petrify
  2332 | D:4      | Reached skill level 1 in Shields
  2332 | D:4      | Reached XP level 5. HP: 26/30 MP: 7/9
  2579 | D:5      | Entered Level 5 of the Dungeon
  2584 | D:5      | Noticed an ogre
  2591 | D:5      | Slain by an ogre

Vault maps used:
D:1:      lightli_arrival_maybe_door_vault
D:2:      nicolae_overflow_hidden_temple, fiery_altar_vehumet,
          lemuel_doored_altar, dk_noncrumbling_3
D:3:      first_bread, uniq_iyjb, uniq_grinder
D:4:      eino_small_chamber_without_monster, grunt_dithmenos_shadows
D:5:      lemuel_crystal_altar, gammafunk_temple_overflow_pools

Action                   |  1- 3 |  4- 6 || total
-------------------------+-------+-------++-------
Melee: Unarmed           |    53 |       ||    53
       Hand axe          |    74 |    28 ||   102
       Morningstar       |       |    49 ||    49
 Cast: Sandblast         |    14 |       ||    14
  Use: Potion            |     1 |     3 ||     4
       Scroll            |       |     8 ||     8
 Stab: Sleeping          |     1 |       ||     1
  Eat: Bread ration      |     2 |       ||     2
